Cogmind - Beta 17.1 @@@ ROGUE MODE // 2026.09.21 @ 23:53:27 Player: WayneKnight Result: Destroyed by D-53 Grenadier with Mini Grenade Launcher Performance ------------- Evolutions (0) 0 Regions Visited (2) 400 Robots Destroyed (12) 60 Value Destroyed (429) 429 Prototype IDs (0) 0 Alien Tech Used (0) 0 Bonus (0) 0 TOTAL SCORE: 889 Bonus ------- None Cogmind --------- Core Integrity 0/250 Matter 300/300 Energy 52/100 System Corruption 0% Temperature Hot (227) Movement Core (400) Ox7 Location -10/Mines Parts ------- > --- POWER (1) -------- (None) > --- PROPULSION (2) --- (None) > --- UTILITY (2) ------ Large Storage Unit Structural Scanner > --- WEAPON (2) ------- Small Laser > --- INVENTORY (15) --- Light Treads Light Treads Small Storage Unit Medium Storage Unit Power Shielding Mining Claw Peak State ------------ > --- POWER ------------ Ion Engine > --- PROPULSION ------- Aluminum Leg Aluminum Leg > --- UTILITY ---------- Large Storage Unit Structural Scanner > --- WEAPON ----------- Light Assault Rifle Light Assault Rifle > --- INVENTORY -------- Ion Engine Light Treads Aluminum Leg Aluminum Leg Small Storage Unit Medium Storage Unit Small Laser Particle Gun Beam Cannon Mining Claw [Rating: 8] Favorites ----------- Power Ion Engine Engine Ion Engine Propulsion Light Treads Treads Light Treads Leg Aluminum Leg Utility Large Storage Unit Device Structural Scanner Storage Large Storage Unit Weapon Light Assault Rifle Energy Gun Small Laser Energy Cannon Beam Cannon Ballistic Gun Light Assault Rifle Build | -11 -10 -10 ------- Run | Yrd Mat Min Slots Evolved . | . . . Power . | . . . Propulsion . | . . . Utility . | . . . Weapon . | . . . Parts Attached 14 | 4 3 7 Power 1 | . . 1 Engine 1 | . . 1 Core . | . . . Reactor . | . . . Propulsion 6 | 2 . 4 Treads 2 | 2 . . Leg 4 | . . 4 Wheel . | . . . Hover . | . . . Flight . | . . . Utility 2 | . 2 . Device 1 | . 1 . Storage 1 | . 1 . Processor . | . . . Hackware . | . . . Protection . | . . . Artifact . | . . . Weapon 5 | 2 1 2 Energy Gun 2 | 1 . 1 Energy Cannon 1 | . 1 . Ballistic Gun 2 | 1 . 1 Ballistic Cannon . | . . . Launcher . | . . . Special Weapon . | . . . Impact Weapon . | . . . Slashing Weapon . | . . . Piercing Weapon . | . . . Special Melee Weapon . | . . . Unidentified Prototypes . | . . . Parts Lost 12 | . . 12 Power 2 | . . 2 Propulsion 5 | . . 5 Utility . | . . . Weapon 5 | . . 5 Highest Loss Streak 6 | . . 6 To Critical Strikes . | . . . Average Backups 8 | 6 6 9 Power . | 1 1 . Propulsion 2 | 4 2 2 Utility 1 | . 1 2 Weapon 3 | 1 2 3 Tool/Special . | . . . Unused Backups 9 | . 2 7 Power 2 | . 1 1 Propulsion 1 | . . 1 Utility 3 | . . 3 Weapon 3 | . 1 2 Tool/Special . | . . . Average Slot Usage (%) 99 | . 98 99 Engine 13 | . 14 13 Treads 20 | . 28 14 Leg 7 | . . 13 Device 12 | . 10 14 Storage 15 | . 16 14 Energy Gun 6 | . 9 2 Energy Cannon 1 | . 2 . Ballistic Gun 20 | . 15 24 Peak Build Rating 8 | 6 7 8 Average Rating 7 | 6 6 7 On Entrance 6 | 6 6 7 Avg Prop Armor Cover (%) . | . . . Naked Turns . | . . . Heaviest Build 32 | 12 32 30 Greatest Support 40 | 40 40 40 Greatest Overweight (x) 2 | . . 2 Average Overweight (x) . | . . . Largest Inventory Capacity 15 | 8 15 15 Average Capacity 14 | 8 14 15 Most Carried 12 | 6 9 12 Average Carried 8 | 5 6 9 Final Capacity 15 | 8 15 15 Final Carried 9 | 4 9 6 Class Distribution -------------------- 100% | Mutant Dominant Class ---------------- Mutant | -10/Materials Mutant | -10/Mines Resources | -11 -10 -10 ----------- Run | Yrd Mat Min Matter Collected 456 | 220 107 129 Remotely . | . . . Salvage Created 530 | . 265 265 Parts 22 | . 13 9 Haulers Intercepted 1 | . 1 . Recyclers Shooed 1 | . 1 . Parts Field Recycled . | . . . Retrieved Matter . | . . . Parts Self-Destructed . | . . . Prevented . | . . . Parts Restored . | . . . Kills | -11 -10 -10 ------- Run | Yrd Mat Min Combat Hostiles Destroyed 12 | . 5 7 Guns 11 | . 5 6 Cannons 1 | . . 1 Classes Destroyed 5 | . 3 2 Hauler 1 | . 1 . Watcher 1 | . 1 . Grunt 9 | . 5 4 Demolisher 1 | . . 1 Assembled 2 | . . 2 Best Kill Streak 5 | . 5 2 Combat Bots Only 4 | . 4 2 Max Kills in Single Turn 1 | . 1 1 Gunslinging . | . . . Exploded . | . . . Melee . | . . . Uniques/NPCs Destroyed . | . . . Combat | -11 -10 -10 -------- Run | Yrd Mat Min Hostile Shots Fired 99 | . 24 75 Missed 15 | . 4 11 Hits 84 | . 20 64 Melee 4 | . . 4 Projectile 80 | . 20 60 AOE 12 | . . 12 Critical Strikes 3 | . 1 2 Damage Taken 1567 | . 294 1273 Core 251 | . 77 174 Absorbed by Shields . | . . . Core Remaining (%) 100 | 100 . . Volleys Fired 82 | . 29 53 Largest 2 | . 2 2 Hottest 125 | . 80 125 Shots Fired 162 | . 58 104 Gun 149 | . 47 102 Cannon 13 | . 11 2 Launcher . | . . . Special . | . . . Kinetic 138 | . 47 91 Thermal 24 | . 11 13 Explosive . | . . . Electromagnetic . | . . . Robot Hit Streak 25 | . 18 25 Robot Miss Streak 4 | . 4 2 Penetration Max . | . . . Secondary Targets 1 | . . 1 Max Gunslinging Chain 1 | . . 1 Shots Hit Robots 121 | . 43 78 Core Hits 41 | . 17 24 Critical Kills . | . . . Critical Parts Destroyed . | . . . Critical Strikes . | . . . Melee Attacks . | . . . Impact . | . . . Slashing . | . . . Piercing . | . . . Sneak Attacks . | . . . Combat Hostiles . | . . . Follow-up Attacks . | . . . Damage Inflicted 1121 | . 432 689 Guns 930 | . 276 654 Cannons 191 | . 156 35 Explosions . | . . . Melee . | . . . Ramming . | . . . Kinetic 817 | . 276 541 Thermal 304 | . 156 148 Explosive . | . . . Electromagnetic . | . . . Impact . | . . . Slashing . | . . . Piercing . | . . . Highest Corruption . | . . . Average Corruption . | . . . Corruption Purged . | . . . Corruption Blocked . | . . . Overload Shots . | . . . Overflow Damage . | . . . Projectiles . | . . . Explosions . | . . . Melee . | . . . Knockbacks . | . . . Impact . | . . . Kinetic . | . . . Secondary . | . . . Self-Inflicted Damage . | . . . Shots . | . . . Rammed . | . . . Targets Rammed . | . . . Kicked . | . . . Crushed . | . . . Highest Temperature 270 | . 270 227 Average Temperature 59 | . 80 43 Received Heat Transfer 594 | . 183 411 Siege Activations . | . . . Martial Activations . | . . . Shielding Activations . | . . . Robots Disrupted . | . . . Combat Hostiles . | . . . Robots Corrupted . | . . . Combat Hostiles . | . . . Parts Fried . | . . . Impact Corruptions . | . . . Robots Melted . | . . . Combat Hostiles . | . . . Parts Melted 2 | . 1 1 Heat Transferred 691 | . 333 358 Parts Sabotaged . | . . . Parts Stolen . | . . . Parts Stripped . | . . . Power Chain Reactions . | . . . Alert | -11 -10 -10 ------- Run | Yrd Mat Min Maximum Alert Level . | . . . Low Security (%) 100 | 100 100 100 Level 1 . | . . . Level 2 . | . . . Level 3 . | . . . Level 4 . | . . . Level 5 . | . . . High Security . | . . . Max Security . | . . . Peak Influence 141 | . 141 57 Initial 51 | . . 51 Average 9 | . 8 10 Influence Increases 355 | . 175 180 Destroy 0b10 Robot/C 200 | . 100 100 Destroy 0b10 Robot/NC 15 | . 10 5 Destroy Leader 54 | . 24 30 Successful Hack 11 | . 11 . Lose Combat Pursuer 75 | . 30 45 Influence Decreases 355 | . 42 313 Entered New Map 82 | . . 82 Time Decay 224 | . 42 182 Lost Part 49 | . . 49 Squads Dispatched 2 | . 2 . Investigation 1 | . 1 . Extermination . | . . . Reinforcement 1 | . 1 . Assault . | . . . Garrison . | . . . Intercept . | . . . Searches Triggered . | . . . Construction Impeded . | . . . Haulers Reinforced . | . . . Active Scanning Responses . | . . . Cargo Convoy Interrupts . | . . . Stealth | -11 -10 -10 --------- Run | Yrd Mat Min Distress Signals 1 | . 1 . Communications Jammed . | . . . Distress Signals . | . . . Times Spotted 21 | . 11 10 Peak Tracking Total 3 | . 2 3 Tactical Retreats 4 | . 2 2 Traps | -11 -10 -10 ------- Run | Yrd Mat Min Traps Triggered 1 | . 1 . Indirectly . | . . . Trap Hack Attempts . | . . . Triggered . | . . . Disarmed . | . . . Reprogrammed . | . . . Reused . | . . . Traps Extracted . | . . . Installed . | . . . Triggered . | . . . Machines | -11 -10 -10 ---------- Run | Yrd Mat Min Machines Disabled . | . . . Max in Single Turn . | . . . Machines Repaired . | . . . Machines Dismantled . | . . . Machines Sabotaged . | . . . Overloaded Fab Kills . | . . . Hacking | -11 -10 -10 --------- Run | Yrd Mat Min Machines Accessed 4 | . 4 . Terminals 4 | . 4 . Fabricators . | . . . Repair Stations . | . . . Recycling Units . | . . . Scanalyzers . | . . . Garrison Access . | . . . Total Hacks 10 | . 10 . Successful 5 | . 5 . Failed 5 | . 5 . Catastrophic 2 | . 2 . Database Lockouts . | . . . Manual 10 | . 10 . Terminals 10 | . 10 . Fabricators . | . . . Repair Stations . | . . . Recycling Units . | . . . Scanalyzers . | . . . Garrison Access . | . . . Terminal Hacks 1 | . 1 . Robot Analysis 1 | . 1 . Fabricator Hacks . | . . . Repair Station Hacks . | . . . Recycling Unit Hacks . | . . . Scanalyzer . | . . . Garrison Access Hacks . | . . . Unauthorized Hacks 4 | . 4 . Terminals 4 | . 4 . Track 1 | . 1 . Botnet 3 | . 3 . Fabricators . | . . . Repair Stations . | . . . Recycling Units . | . . . Scanalyzers . | . . . Garrison Access . | . . . Data Cores Recovered . | . . . Used . | . . . Hacking Detections 4 | . 4 . Full Trace Events . | . . . Feedback Events . | . . . Feedback Blocked . | . . . Robot Schematics Acquired . | . . . Robots Built . | . . . Authchips . | . . . Time . | . . . Total Robot Build Rating . | . . . Part Schematics Acquired . | . . . Parts Built . | . . . Authchips . | . . . Time . | . . . Total Part Build Rating . | . . . Part Studies Acquired . | . . . Parts Repaired . | . . . Time . | . . . Parts Recycled . | . . . Recycled Matter . | . . . Retrieved Matter . | . . . Retrieved Components . | . . . Parts Scanalyzed . | . . . Part Schematics Acquired . | . . . Parts Damaged . | . . . Bothacking | -11 -10 -10 ------------ Run | Yrd Mat Min Used RIF Installer . | . . . Robots Hacked . | . . . Non-combat . | . . . Combat . | . . . Robot Hacks Applied . | . . . Relay Couplers Released . | . . . Fabnet Peak Effective % . | . . . Robots Rewired . | . . . Allies Hacked . | . . . Hacks Repelled . | . . . Allies | -11 -10 -10 -------- Run | Yrd Mat Min Total Allies . | . . . Largest Group . | . . . Highest-Rated Group . | . . . Highest-Rated Ally . | . . . Total Orders . | . . . Ally Attacks . | . . . Total Damage . | . . . Kills . | . . . Allies Corrupted . | . . . Allies Melted . | . . . Intel | -11 -10 -10 ------- Run | Yrd Mat Min Active Infowar (turns) 2572 | . 1064 1508 Structural 2572 | . 1064 1508 Robot Analysis Total 1 | . 1 . Derelict Logs Recovered 1 | . . 1 Drone Launches . | . . . Drone Recoveries . | . . . Exploration | -11 -10 -10 ------------- Run | Yrd Mat Min Turns Passed 2942 | 17 1417 1508 Spaces Moved 626 | 7 254 365 Core . | . . . Treads 359 | 7 254 98 Legs 267 | . . 267 Wheels . | . . . Hover . | . . . Flight . | . . . Fastest Speed 160 | 160 160 160 Average Speed 173 | 160 160 183 Slowest Speed 260 | 160 160 260 Overloaded Moves . | . . . Propulsion Burnouts . | . . . Robots Hopped . | . . . Potential Cave-ins . | . . . Cave-ins Triggered . | . . . Exploration Rate (%) 39 | 2 47 70 Regions Visited 2 Branch Regions 1 Pre-discovered Areas . | . . . Known Exits Taken . | . . . Unknown Exits Taken 2 | 1 1 . Scrap Searched 1 | . . 1 Spaces Dug . | . . . Terrain Destroyed . | . . . Melee . | . . . Projectile . | . . . AOE . | . . . Terrain Rammed . | . . . Walls Destroyed . | . . . Machines Disabled . | . . . Actions | -11 -10 -10 --------- Run | Yrd Mat Min Total 2345 | 12 1215 1118 Wait 1610 | . 924 686 Move 624 | 6 253 365 Hop . | . . . Pick Up 9 | . 4 5 Fast Attach 2 | . 2 . Attach 8 | . . 8 Detach 1 | . 1 . Swap 7 | 4 2 1 Drop 2 | 2 . . Fire 82 | . 29 53 Melee . | . . . Ram . | . . . Kick . | . . . Crush . | . . . Escape Stasis . | . . . Rewire . | . . . Trap . | . . . Miscellaneous . | . . . Route ------- -11/Scrapyard -10/Materials -10/Mines (discovered 4 exits: [*Mat x2] / [Exi] / [*Sub]) History --------- Turn | Location | Event 7 | -11/Scrapyard | Discovered new exit (range 2) 18 | -11/Scrapyard | Entered Materials 315 | -10/Materials | Build established: Mutant 1415 | -10/Materials | Discovered new exit (range 6) 1435 | -10/Materials | Entered Mines 1436 | -10/Mines | Assembled infested the area 1441 | -10/Mines | Assisted by a Guerilla fighting off Assembled 2044 | -10/Mines | Found a hidden stash of uninstalled traps 2175 | -10/Mines | Core integrity fell below 50% 2338 | -10/Mines | Learned 2 Materials zone layouts 2403 | -10/Mines | Deemed a non-threat by the Exiles lab entrance 2403 | -10/Mines | Discovered new exit (range 6) 2443 | -10/Mines | Discovered new exit (range 4) 2546 | -10/Mines | Discovered new exit (range 6) 2662 | -10/Mines | Lost 3 parts (2n1w) 2768 | -10/Mines | Discovered new exit (range 7) 2923 | -10/Mines | Core integrity fell below 20% 2943 | -10/Mines | Destroyed by D-53 Grenadier with Mini Grenade Launcher Last Messages --------------- 02618_ Aluminum Leg destroyed. 02631_ Lgt. Assault Rifle destroyed. 02633_ G-47 Trooper destroyed. 02635_ R-06 Scavenger collects Ion Engine. 02645_ Acquired 45 matter. 02766_ Acquired 26 matter. 02768_ EXIT=FOUND 02920_ K-01 Serf destroyed. 02920_ T-07 Excavator destroyed. 02924_ Lgt. Assault Rifle destroyed. 02930_ Ion Engine destroyed. 02933_ Cmb. Airjet melted. 02933_ D-53 Grenadier destroyed. 02936_ Aluminum Leg destroyed. 02936_ Beam Cannon destroyed. 02939_ The unstable cave ceiling collapses. 02939_ Aluminum Leg destroyed. 02940_ The unstable cave ceiling collapses. 02941_ Particle Gun destroyed. 02942_ The unstable cave ceiling collapses. Map ----- +----------------------------------------------------+ | ###### ### ####???????????????#### ###?????????? | | ######%## ###????????????###### ###?????????? | | ## %! =################### #######?????? | | ## ###!##] % ################ ########?????? | | ### ### ### ##### ?????? | | ## ### #### ! ### ######## ##???#### | | ## ### ##### ########## ######### ##??##### | | ## ### ###### ########## ### ##### % % ####### | | ##### ##??????## ### ##### #### ###### & | | #### ##??????## ### ##?## #### &% | | ## ##??????## ### ##### ####%#######& | | ### ######??????## ##### ### % ######## | | #### ######??????## ###### ## ##???#### | | #### ###########?## ##### ##%##??????? | | ### ###########?## ## #%##??????# | | ## ##### #### %%###????## | | # ### #### ################## ##???### | | # #### #### ### ##########??### %##??#### | | ## ##### #### ## #####??????### ######## | | ##### #### ####r # ## ####?????### ###### | | ########### ###### ## #####?????## ### | | ########### ##### # ####???### ### #### | | #####?#### #### ## # ###??? ## ### ##### | | ####### ##### # ??????### | | ##### ###### ????????? | | #### ###?### @ < ##???????????? | | ## ######??### ####???????????? | | ######???### ######???????????? | | # ####???????### ####?????????????? | | # ####????????#### ######???????????????? | | ## #########????#####d########???????????????? | | ## #########????####%####???????????????????? | | ## ## ####?????## ?????????????????????? | | ### ###?????#####?????????????????????? | | ##### ##?????#####?????????????????????? | | ?##### ##???????????????????????????????? | | ???### ## ##???????????????????????????????? | | ????## ### ###???????????????????????????????? | | ????## ### ####???????????????????????????????? | | ??####!## ####???????????????????????????????? | | ??#### ## ####??????????????????????????????? | | #### ###??????????????????????????????? | | #### ##??????????????????????????????? | | ###%####### ##??????????????????????????????? | | =!####### ##??????????????????????????????? | | ##???## ###??????????????????????????????? | | ### ##???## ####??????????????????????????????? | | ## ##?### ####???????????????????????????????? | | ## ##?#######????????????????????????????????? | | ## < ##??#####?????????????????????????????????? | +----------------------------------------------------+ Best States ------------- Heat Dissipation 25 Energy Generation 10 Energy Capacity 250 Matter Stores 300 Matter Capacity 300 Sight Range 16 Terrain Scan Density 10 Evasion (%) 40 Recoil Reduction 2 Item Schematics ----------------- None Robot Schematics ------------------ None Fabricated ------------ Nothing Repaired ---------- Nothing Studied --------- None Alien Tech Used ----------------- None Achievements -------------- None Challenges ------------ None Game ------ Seed SkeletonFactoryDrillbomb Manual? 0 Play Time 00:08:18 Cumulative 73.6 hours Start 2026.09.21 @ 23:45:15 End 2026.09.21 @ 23:53:27 Sessions 1 Manual Loads 0 Difficulty Rogue Special Mode None Game No. 70 Rogue 70 Adventurer 0 Explorer 0 Win Type - Total 1 Types 0/0/1/0/0/0/0/0/0/0 Lore% 36 Gallery% 33 Achievement% 32 Wizard Run 0 Options --------- Layout 0 ASCII 1 Keyboard 1 Movement Arrows Keybinds 0 Fullscreen 2 Font 36/Terminus++ Map View 76x50 Zoom Use 0% Tactical HUD 1 Map Filters NONE Filters NONE Steam 1 RUN: dac8e85d-4994-483d-94c7-4187686ca83f